Map: Kairos Junction LE

Players

DaEMoN

  • Race: Zerg Zerg
  • League: Grandmaster
  • Spawn Location: 5:00

Lambo - Winner!

  • Race: Zerg Zerg
  • League: Grandmaster
  • Spawn Location: 11:00

VOD

Have the link to the VOD?

Description

Time

  • Played on: Dec. 16, 2018, 6:40 a.m.
  • Length: 11:19
Show
View Real Time Build Order
Export as new Build Order

DaEMoN Zerg 

Build Orders: Hatch First, Zergling Baneling 

Get SALT Encoding   

  12  0:01  Drone  
  13  0:13  Overlord  
  13  0:17  Drone  
  14  0:31  Drone x2  
  14  0:34  Drone  
  17  0:52  Hatchery  
  17  0:55  Drone  
  17  0:59  Drone  
  18  1:09  Extractor  
  17  1:14  Spawning Pool  
  17  1:16  Drone  
  17  1:20  Drone  
  18  1:28  Drone  
  19  1:41  Overlord  
  19  2:00  Queen  
  21  2:01  Zergling x2  
  21  2:02  Zergling x2  
  21  2:04  Queen  
  21  2:05  Drone  
  26  2:09  Metabolic Boost  
  26  2:12  Drone  
  27  2:17  Drone  
  28  2:26  Drone  
  28  2:28  Drone  
  30  2:38  Hatchery  
  29  2:49  Baneling Nest  
  29  2:50  Drone  
  29  2:51  Drone  
  30  2:52  Drone  
  30  2:56  Zergling x2  
  30  3:08  Drone x2  
  30  3:09  Drone  
  30  3:12  Drone  
  34  3:17  Overlord  
  34  3:21  Zergling x4  
  34  3:24  Overlord  
  36  3:27  Overlord  
  36  3:35  Zergling x4  
  36  3:36  Zergling x4  
  40  3:44  Zergling x2  
  40  3:46  Zergling x4  
  40  3:47  Zergling x4  
  45  3:50  Baneling x4  
  45  3:52  Baneling x2  
  45  3:54  Zergling x4  
  45  3:55  Zergling x2  
  48  4:00  Zergling x4  
  50  4:04  Zergling x2  
  50  4:06  Baneling x2  
  39  4:31  Drone x4  
  39  4:32  Drone x8  
  39  4:35  Extractor  
  39  4:37  Roach Warren  
  48  4:45  Drone  
  48  4:46  Queen, Drone x2  
  53  4:55  Overlord  
  53  4:56  Lair  
  53  4:58  Extractor  
  52  5:00  Zergling x2  
  52  5:01  Zergling x2  
  52  5:03  Baneling  
  52  5:04  Baneling x3  
  54  5:09  Drone x2  
  54  5:13  Overlord  
  56  5:15  Evolution Chamber, Drone x2  
  56  5:16  Extractor  
  51  5:31  Roach x3  
  51  5:32  Roach x3  
  63  5:41  Drone x2  
  63  5:42  Drone x6  
  71  5:49  Spine Crawler  
  70  5:53  Roach x2  
  74  5:59  Roach x2  
  74  6:00  Roach  
  80  6:10  Zerg Missile Weapons Level 1  
  79  6:12  Overlord x2  
  79  6:15  Glial Reconstitution  
  79  6:24  Roach  
  79  6:25  Overlord  
  81  6:34  Overlord  
  81  6:35  Roach x5  
  81  6:36  Roach x2  
  95  6:52  Roach x6  
  95  6:53  Roach x2  
  111  7:02  Roach  
  111  7:03  Overlord x2  
  113  7:10  Overlord  
  113  7:20  Overlord x2  
  113  7:22  Ravager  
  114  7:23  Roach x5  
  114  7:24  Roach x2  
  114  7:26  Roach  
  114  7:29  Roach  
  132  7:31  Roach  
  132  7:35  Roach x2  
  138  7:40  Roach x2  
  138  7:41  Roach  
  138  7:43  Roach  
  144  7:52  Roach x2  
  134  8:15  Queen  
  134  8:16  Queen  
  134  8:18  Hydralisk Den  
  123  8:22  Spore Crawler  
  123  8:25  Spore Crawler x2  
  108  8:27  Spore Crawler x2  
  108  8:28  Drone x3  
  108  8:30  Spore Crawler  
  98  8:35  Queen  
  94  8:47  Nydus Network  
  79  8:51  Queen  
  67  8:59  Roach  
  67  9:00  Roach x10  
  79  9:15  Roach x6  
  91  9:20  Queen  
  93  9:26  Queen  
  93  9:28  Roach  
  93  9:30  Roach  
  99  9:38  Roach  
  99  9:39  Roach x2  
  99  9:41  Ravager x5  
  110  9:46  Roach  
  110  9:47  Roach  
  110  9:49  Roach  
  116  10:01  Nydus Canal  
  116  10:12  Nydus Canal  
  114  10:31  Overlord x3  
  114  10:32  Overlord  
  114  10:51  Hydralisk x8  
Show
View Real Time Build Order
Export as new Build Order

Lambo Zerg - Winner!

Build Orders: Hatch First, Zergling Baneling 

Get SALT Encoding   

  12  0:00  Drone  
  13  0:13  Overlord  
  13  0:17  Drone  
  14  0:31  Drone x2  
  16  0:49  Hatchery  
  15  0:52  Drone  
  15  0:55  Drone  
  17  1:09  Spawning Pool  
  16  1:11  Extractor  
  16  1:14  Drone  
  16  1:18  Drone  
  17  1:21  Drone  
  18  1:33  Drone  
  19  1:41  Drone  
  20  1:53  Overlord  
  20  1:56  Queen  
  20  2:01  Queen, Zergling x2  
  22  2:02  Zergling x2  
  26  2:13  Drone x2, Metabolic Boost  
  28  2:23  Drone x2  
  30  2:40  Hatchery  
  30  2:42  Drone  
  30  2:48  Drone  
  30  2:49  Drone  
  32  2:53  Baneling Nest  
  32  2:54  Zergling x2  
  32  2:57  Overlord  
  31  3:08  Drone  
  31  3:10  Drone x2  
  31  3:12  Zergling x4  
  36  3:19  Zergling x2  
  37  3:20  Drone x2  
  37  3:21  Overlord  
  37  3:24  Drone  
  40  3:33  Drone  
  40  3:40  Baneling x3  
  40  3:44  Queen, Drone x2  
  40  3:46  Drone x2  
  40  3:47  Zergling x4  
  48  3:54  Zergling x4  
  50  3:58  Baneling  
  50  3:59  Queen, Baneling x2  
  52  4:06  Zergling x8  
  52  4:08  Baneling  
  52  4:09  Baneling  
  53  4:20  Zergling x12  
  56  4:26  Baneling x2  
  56  4:27  Drone x3  
  56  4:30  Drone x3  
  58  4:37  Overlord  
  58  4:44  Baneling  
  58  4:45  Baneling  
  58  4:48  Extractor  
  58  4:49  Queen, Extractor  
  58  4:56  Drone x3  
  60  5:00  Drone x6  
  60  5:06  Overlord  
  66  5:07  Extractor  
  66  5:09  Overlord  
  66  5:10  Overlord  
  65  5:14  Overlord  
  65  5:21  Drone  
  64  5:29  Lair  
  64  5:33  Drone x2  
  64  5:34  Roach Warren  
  64  5:35  Drone x4  
  68  5:36  Drone x3  
  71  5:45  Zergling x4  
  71  5:47  Zergling x8  
  77  5:54  Extractor  
  77  5:55  Extractor  
  74  5:58  Drone  
  74  5:59  Drone x3  
  74  6:02  Overlord  
  78  6:13  Overlord  
  78  6:22  Extractor  
  78  6:23  Overlord  
  78  6:24  Extractor  
  75  6:28  Overlord, Spire  
  75  6:31  Roach x11  
  96  6:49  Glial Reconstitution  
  96  6:51  Overlord  
  96  6:58  Roach x5  
  96  7:00  Hatchery  
  105  7:08  Drone  
  106  7:21  Overlord  
  105  7:40  Mutalisk x11, Evolution Chamber  
  105  7:41  Overlord  
  105  7:43  Overlord  
  126  7:47  Roach, Zergling x8  
  126  7:48  Zergling x4  
  126  7:50  Roach x3  
  138  7:58  Roach x3  
  139  8:07  Roach x5  
  133  8:13  Roach x2  
  133  8:14  Roach x2  
  124  8:26  Roach x5  
  116  8:29  Roach x2  
  116  8:32  Mutalisk  
  110  8:38  Mutalisk  
  108  8:51  Extractor  
  108  8:52  Extractor  
  104  8:57  Zerg Melee Weapons Level 1  
  104  8:59  Zerg Flyer Weapons Level 1  
  102  9:04  Queen  
  102  9:05  Mutalisk  
  106  9:11  Drone  
  106  9:12  Drone x6  
  113  9:17  Hatchery  
  113  9:18  Mutalisk x2  
  116  9:26  Mutalisk  
  116  9:28  Zergling x2  
  116  9:29  Zergling x8  
  123  9:32  Mutalisk  
  125  9:43  Mutalisk x2  
  129  9:49  Overlord  
  129  9:55  Mutalisk  
  129  9:56  Mutalisk  
  133  10:03  Mutalisk  
  133  10:05  Zergling x12  
  141  10:14  Mutalisk x2  
  141  10:19  Mutalisk  
  147  10:22  Zergling x18  
  156  10:29  Queen  
  156  10:33  Drone x2  
  160  10:37  Mutalisk x2  
  164  10:45  Mutalisk x2  
  164  10:49  Overlord  
  170  10:50  Overlord  
  170  10:51  Mutalisk  
Tags
 
Add a new tag
Caveats
  • Supply blocks, unpowered buildings, or Contaminate may cause inaccurate times.
  • Supply counts are checked every 10 seconds.